 Dungeon Crawl Stone Soup version 0.27.1-2-g3b301248ec (webtiles) character file.

Game seed: 3774247704938221862

11977 MisterFreud the Spry (level 11, -10/72 HPs)
             Began as a Felid Berserker on Sept 26, 2021.
             Was the Champion of Trog.
             Mangled by a merfolk siren (11 damage)
             ... while petrified by a catoblepas
             ... on level 4 of the Lair of Beasts.
             The game lasted 00:25:19 (14690 turns).

MisterFreud the Spry (Felid Berserker)             Turns: 14690, Time: 00:25:20

Health: -10/72     AC:  3    Str: 13    XL:     11   Next: 56%
Magic:  12/12      EV:  4    Int: 11    God:    Trog [******]
Gold:   1138       SH:  0    Dex: 18    Spells: 10/10 levels left
                                        Lives:  0   Deaths: 3

rFire    . . .     SeeInvis +     - Unarmed
rCold    + . .     Faith    .   (shield unavailable)
rNeg     + + +     Spirit   .   (armour unavailable)
rPois    ∞         Reflect  .   (helmet unavailable)
rElec    .         Harm     .   (cloak unavailable)
rCorr    +         Rampage  .   (gloves unavailable)
Will     +....                  (boots unavailable)
Stlth    ..........             d - amulet of regeneration
HPRegen  1.22/turn              s - ring of resist corrosion
MPRegen  0.13/turn              v - +4 ring of slaying

@: berserking (expiring), petrified, studying Stealth, quick
A: very small, claws 1, fangs 3, see invisible, speed 1, shaggy fur 3, stealthy
paws, no weapons or thrown items, no armour, multi-lived, horns 1, frail 1
a: Renounce Religion, Berserk, Trog's Hand, Brothers in Arms


You were on level 4 of the Lair of Beasts.
You worshipped Trog.
Trog was exalted by your worship.
You visited 3 branches of the dungeon, and saw 18 of its levels.
You also visited: Ossuary.

You collected 1177 gold pieces.
You spent 39 gold pieces at shops.

Inventory:

Jewellery
 d - an amulet of regeneration (around neck)
 k - an amulet of magic regeneration
 n - an amulet of guardian spirit
 s - a ring of resist corrosion (left paw)
 t - a ring of protection from cold
 v - a +4 ring of slaying (right paw)
 w - an amulet of the acrobat
 y - a ring of poison resistance
 G - a +6 ring of intelligence
Wands
 m - a wand of iceblast (12)
 r - a wand of acid (24)
 B - a wand of charming (4)
 F - a wand of digging (6)
 H - a wand of polymorph (5)
 I - a wand of flame (70)
Scrolls
 a - 2 scrolls of vulnerability
 h - 8 scrolls of teleportation
 p - 2 scrolls of fog
 x - 3 scrolls of magic mapping
 C - 2 scrolls of holy word
 E - a scroll of noise {unknown}
 J - a scroll of summoning {unknown}
Potions
 b - 3 potions of might
 c - 3 potions of magic
 e - 3 potions of heal wounds
 f - 6 potions of brilliance {unknown}
 g - 8 potions of curing
 i - 3 potions of flight
 j - a potion of mutation {unknown}
 l - 2 potions of lignification
 o - 5 potions of attraction {unknown}
 u - a potion of cancellation
 z - a potion of resistance
 A - 2 potions of haste
 D - 2 potions of invisibility


   Skills:
 + Level 9.8 Fighting
 - Level 20.0 Dodging
 + Level 13.7 Stealth
 - Level 10.0 Unarmed Combat
 - Level 8.0 Evocations


You had 10 spell levels left.
You didn't know any spells.
Your spell library was empty.

Dungeon Overview and Level Annotations

Branches:
Dungeon (13/15)            Temple (1/1) D:5            Lair (4/6) D:9
 Shoals (0/4) Lair:4        Snake (0/4) Lair:2          Orc (0/2) D:12
Ossuary (visited)
 Vaults: D:13-14

Altars:
Fedhas
Hepliaklqana
Qazlal
Uskayaw
Vehumet

Shops:
D:4 !


Innate Abilities, Weirdness & Mutations

You have sharp claws.
You have razor-sharp teeth.
You have supernaturally acute eyesight. (SInv)
You cover ground quickly. (Speed+)
Your thick and shaggy fur keeps you warm. (AC +3, rC+)
Your paws help you pounce on unaware monsters.
You are incapable of wielding weapons or throwing items.
You cannot wear armour.
You gain extra lives every three experience levels.
You have a pair of small horns on your head.
You are frail. (-10% HP)


Message History

The catoblepas is lightly wounded.
A red film seems to cover your vision as you go berserk!
You feel yourself moving faster!
You feel mighty!
The catoblepas breathes a plume of calcifying dust at you.
The blast of calcifying dust hits you.
You claw the catoblepas!
The catoblepas is moderately wounded.
You are engulfed in calcifying dust.
You are slowing down.
The catoblepas gores you!!
You scratch the catoblepas.
The catoblepas is moderately wounded.
The catoblepas gores you!
Your limbs are stiffening.
You scratch the catoblepas. You claw the catoblepas!
The catoblepas is heavily wounded.
The catoblepas closely misses you.
You claw the catoblepas! x2
The catoblepas is severely wounded.
You have turned to stone.
The catoblepas gores you!!
The catoblepas breathes a plume of calcifying dust at you.
The blast of calcifying dust hits you!
The merfolk siren hits you but does no damage.
You are engulfed in calcifying dust.
The catoblepas gores you!!
The merfolk siren hits you from afar with a +0 spear!
* * * LOW HITPOINT WARNING * * *
You are engulfed in calcifying dust.
The catoblepas breathes a plume of calcifying dust at you.
The blast of calcifying dust hits you.
* * * LOW HITPOINT WARNING * * *
The merfolk siren hits you from afar with a +0 spear.
* * * LOW HITPOINT WARNING * * *
You are engulfed in calcifying dust.
The catoblepas gores you!!
* * * LOW HITPOINT WARNING * * *
The merfolk siren hits you from afar with a +0 spear!
* * * LOW HITPOINT WARNING * * *
You are engulfed in calcifying dust.
The catoblepas gores you!
* * * LOW HITPOINT WARNING * * *
The merfolk siren hits you from afar with a +0 spear!!
You die...

≈≈≈.#.....#.......+....P.#.Y.###.
≈≈≈≈......##.....#.....#####§##..
≈≈≈≈#.....###..#.#.....## #...#..
≈≈≈.......###.P#........###....Y<
≈≈..............§.............†..
≈≈.............<.....^...........
≈...............§................
......^......(...................
................@.m..............
..........#####PY................
###..P....##.#.P.....###.#.#.....
####................####.###...
####P....#...........##...# #...
........##....#.....###...###...
........##..........###....##...
........####.........#.........P
#P....##...........###P..#....


You could see a catoblepas and a merfolk siren.

Vanquished Creatures
  3 hydras
  A catoblepas (D:13)
  A centaur warrior (D:12)
  Erica (Lair:1)
  A two-headed ogre (D:9)
  Urug (D:10)
  Pikel (D:7)
  A deep elf pyromancer (D:12)
  3 cyclopes
  3 black mambas
  A merfolk siren (Lair:4)
  5 cane toads (Lair:1)
  Joseph (D:8)
  Maggie (D:8)
  3 gargoyles
  An efreet (D:11)
  Psyche (D:8)
  7 komodo dragons
  A kobold demonologist (D:9)
  3 meliai (D:11)
  3 trolls
  2 merfolk (Lair:4)
  A polar bear (Lair:1)
  6 slime creatures
  6 blink frogs
  A wyvern (D:8)
  Sigmund (D:3)
  A wraith (D:11)
  3 basilisks
  9 yaks
  2 vampire mosquitoes (D:10)
  A naga (Lair:2)
  12 water moccasins
  3 acid dragons
  A swamp drake (D:12)
  5 orc warriors
  4 black bears
  2 ice beasts
  A sky beast (D:6)
  4 wolves
  5 ogres
  3 lemures (D:7)
  6 centaurs
  A phantom (D:6)
  3 kobold brigands
  3 elf zombies (Ossuary)
  14 bullfrogs
  3 scorpions
  A water moccasin skeleton (D:6)
  A howler monkey (D:9)
  4 centaur zombies
  A jelly (D:5)
  11 orc priests
  Crazy Yiuf (D:5)
  A bullfrog skeleton (D:5)
  A gnoll shaman (D:7)
  2 iguanas (D:6)
  14 orc wizards
  2 killer bee zombies
  3 hound zombies
  4 mummies (Ossuary)
  A howler monkey zombie (D:9)
  8 gnolls (D:7)
  7 adders
  3 white imps
  An ufetubus (D:5)
  4 worms
  4 dart slugs
  28 orcs
  5 endoplasms
  5 giant cockroaches
  2 gnoll zombies (Ossuary)
  5 goblins
  11 hobgoblins
  24 kobolds
  2 quokkas (D:4)
  8 ball pythons
  4 bats
  3 frilled lizards
  2 goblin zombies (Ossuary)
  A kobold zombie (Ossuary)
  2 orc zombies (Ossuary)
  3 rats
325 creatures vanquished.

Vanquished Creatures (others)
  52 fungi
  41 plants
93 creatures vanquished.

Grand Total: 418 creatures vanquished

Notes
Turn   | Place    | Note
-------+----------+-------------------------------------------
     0 | D:1      | MisterFreud the Felid Berserker began the quest for the
                  | Orb.
     0 | D:1      | Reached XP level 1. HP: 10/10 MP: 2/2
    31 | D:1      | Reached skill level 1 in Stealth
   554 | D:1      | Reached XP level 2. HP: 14/14 MP: 3/3
  1425 | D:1      | Found a faded altar of an unknown god.
  1549 | D:2      | Found a blossoming altar of Fedhas.
  1579 | D:2      | Reached XP level 3. HP: 17/17 MP: 4/4
  1600 | D:2      | Reached ** piety under Trog
  1681 | D:2      | You fall into a shaft and drop 2 floors!
  1686 | D:4      | Found Qoaprocol's Distillery.
  1694 | D:4      | Bought a potion of curing for 39 gold pieces
  1810 | D:3      | Noticed Sigmund
  1833 | D:3      | Killed Sigmund
  1834 | D:3      | Reached skill level 5 in Stealth
  1834 | D:3      | Reached XP level 4. HP: 21/21 MP: 5/5
  1834 | D:3      | Reached XP level 5. HP: 24/24 MP: 6/6
  1919 | D:4      | Reached skill level 5 in Unarmed Combat
  2347 | D:2      | Gained mutation: You are covered in thick fur. (AC +2)
                  | [Felid growth]
  2347 | D:2      | Reached XP level 6. HP: 28/28 MP: 7/7
  3056 | D:4      | Reached *** piety under Trog
  3078 | D:4      | Identified the +6 chain mail "Hintapa" {-Cast rElec Will-
                  | SInv}
  3643 | D:5      | Entered Level 5 of the Dungeon
  3740 | D:5      | Found a stormy altar of Qazlal.
  3740 | D:5      | Found a radiant altar of Vehumet.
  3740 | D:5      | Found a hazy altar of Hepliaklqana.
  3810 | D:5      | Noticed an acid dragon
  3819 | D:5      | Killed an acid dragon
  3820 | D:5      | Reached skill level 5 in Dodging
  3899 | D:5      | Found a staircase to the Ecumenical Temple.
  3999 | D:5      | Reached skill level 6 in Dodging
  3999 | D:5      | Reached XP level 7. HP: 31/31 MP: 8/8
  4088 | D:5      | Reached skill level 7 in Dodging
  4118 | D:5      | Found a runed translucent door.
  4119 | D:5      | Noticed Crazy Yiuf
  4164 | D:5      | Killed Crazy Yiuf
  4238 | Temple   | Entered the Ecumenical Temple
  4304 | D:6      | Reached skill level 8 in Dodging
  4431 | D:6      | Reached skill level 9 in Dodging
  4431 | D:6      | Reached XP level 8. HP: 34/34 MP: 9/9
  4552 | D:6      | Reached skill level 10 in Dodging
  5303 | D:7      | Found a sand-covered staircase.
  5311 | Ossuary  | Entered an ossuary
  5351 | Ossuary  | Reached **** piety under Trog
  5707 | D:7      | Reached XP level 9. HP: 36/39 MP: 10/10
  5985 | D:7      | Reached skill level 11 in Dodging
  6076 | D:7      | Noticed Pikel
  6134 | D:7      | Slain by Pikel
  6135 | D:7      | Reached XP level 8. HP: -4/36 MP: 9/9
  6143 | D:7      | Killed Pikel
  6144 | D:7      | Reached skill level 5 in Fighting
  6765 | D:8      | Reached XP level 9. HP: 38/40 MP: 10/10
  7008 | D:8      | Noticed Maggie
  7015 | D:8      | Killed Maggie
  7174 | D:9      | Noticed a two-headed ogre
  7185 | D:9      | Killed a two-headed ogre
  7186 | D:9      | Reached skill level 12 in Dodging
  7186 | D:9      | Reached skill level 10 in Stealth
  7350 | D:9      | Found a staircase to the Lair.
  7353 | D:9      | Noticed a kobold demonologist
  7376 | D:9      | HP: 2/41 [bullfrog (7)]
  7703 | D:9      | Reached XP level 10. HP: 36/45 MP: 11/11
  7731 | D:9      | Reached ***** piety under Trog
  7908 | D:8      | Found a hide-covered altar of Uskayaw.
  7963 | D:8      | Reached skill level 13 in Dodging
  7985 | D:8      | Noticed Joseph
  7995 | D:8      | Killed Joseph
  8072 | D:8      | Noticed Psyche
  8075 | D:8      | Killed Psyche
  8306 | D:9      | Gained mutation: You are frail. (-10% HP) [a neqoxec]
  8308 | D:9      | Gained mutation: You have a pair of small horns on your
                  | head. [a neqoxec]
  8310 | D:9      | Reached skill level 10 in Unarmed Combat
  8773 | D:10     | Entered Level 10 of the Dungeon
  8774 | D:10     | Noticed Urug
  8785 | D:10     | Killed Urug
  8786 | D:10     | Reached skill level 14 in Dodging
  9656 | D:11     | Reached skill level 5 in Evocations
  9656 | D:11     | Reached XP level 11. HP: 12/43 MP: 12/12
 10398 | D:11     | Identified a scroll of acquirement
 10398 | D:11     | Acquired a manual of Dodging
 10494 | D:12     | Noticed a deep elf pyromancer
 10495 | D:12     | Killed a deep elf pyromancer
 10552 | D:12     | Noticed a centaur warrior
 10563 | D:12     | Killed a centaur warrior
 10564 | D:12     | Reached skill level 15 in Dodging
 10569 | D:12     | Shot with an arrow by a centaur
 10570 | D:12     | Reached XP level 10. HP: -4/40 MP: 11/11
 10752 | D:12     | Noticed a cyclops
 10765 | D:12     | Killed a cyclops
 10884 | D:12     | Found a staircase to the Orcish Mines.
 10884 | D:12     | Noticed a cyclops
 10911 | D:12     | Reached skill level 16 in Dodging
 10918 | D:12     | Killed a cyclops
 11098 | D:12     | Noticed a gargoyle
 11110 | D:12     | Killed a gargoyle
 11135 | D:12     | Reached skill level 17 in Dodging
 11276 | D:12     | Noticed a gargoyle
 11290 | D:12     | Killed a gargoyle
 11398 | D:12     | Reached XP level 11. HP: 43/43 MP: 12/12
 11403 | D:12     | Reached skill level 18 in Dodging
 11433 | D:12     | Identified the +6 war axe of Suicidal Tendencies {venom,
                  | Fly rElec rN+ Dex-5}
 11553 | D:13     | Noticed a six-headed hydra
 11562 | D:13     | Killed a six-headed hydra
 11797 | D:13     | Noticed a catoblepas
 11807 | D:13     | Killed a catoblepas
 11808 | D:13     | Reached skill level 19 in Dodging
 11925 | Lair:1   | Entered Level 1 of the Lair of Beasts
 12272 | Lair:1   | Reached skill level 20 in Dodging
 12346 | Lair:1   | HP: 3/66 [poisoned by a black mamba]
 12349 | Lair:1   | HP: 1/44 [poisoned by a black mamba]
 12389 | Lair:1   | Noticed Erica
 12397 | Lair:1   | Killed Erica
 12573 | Lair:1   | Identified the +6 plate armour of Dishonesty {Harm rF-
                  | Will+ Int+2}
 12581 | Lair:1   | Noticed an eight-headed hydra
 12603 | Lair:1   | Killed an eight-headed hydra
 12952 | Lair:1   | Acquired a manual of Stealth
 12979 | Lair:2   | Noticed a six-headed hydra
 12988 | Lair:2   | Killed a six-headed hydra
 12989 | Lair:2   | Gained mutation: Your thick and shaggy fur keeps you warm.
                  | (AC +3, rC+) [Felid growth]
 12989 | Lair:2   | Reached XP level 12. HP: 50/50 MP: 13/13
 13225 | Lair:2   | Found a staircase to the Snake Pit.
 14132 | Lair:4   | Found a stormy altar of Qazlal.
 14203 | Lair:4   | Found a staircase to the Shoals.
 14217 | Lair:4   | Noticed a catoblepas
 14270 | Lair:4   | HP: 3/76 [catoblepas (12)]
 14271 | Lair:4   | Slain by a catoblepas
 14272 | Lair:4   | Reached XP level 11. HP: -4/70 MP: 12/12
 14295 | Lair:3   | Reached ****** piety under Trog
 14690 | Lair:4   | HP: 1/72 [catoblepas (5)]
 14690 | Lair:4   | Mangled by a merfolk siren

Illustrated notes

Levels and vault maps discovered:
D:1:      minmay_arrival_plants_in_alcoves, layout_rooms,
          dilly_ecumenical_altar_fadedgnrine, serial_co_window_serial,
          co_window_paths_b, co_window_paths_b, co_window_corner_a,
          co_window_paths_b, co_window_paths_a, co_window_corner_a,
          co_window_corner_a, co_window_corner_cb, co_window_broadway_b,
          co_window_corner_b, co_window_broadway_c, co_window_corner_b,
          co_window_broadway_a, co_window_2corner, co_window_paths_d,
          glass_columns_b, glass_columns_c, glass_columns_b, glass_columns_a,
          glass_columns_a
D:2:      layout_loops_cross, basic_altar, minmay_indecisive_spiral
D:3:      layout_basic, dk_noncrumbling_3, minmay_cupped, uniq_sigmund
D:4:      layout_layer_cave, serial_shops, shop_fountains, st_stairs_14
D:5:      layout_basic, gammafunk_temple_overflow_forgotten, temple_doors_e,
          due_unseen_surprise, uniq_crazy_yiuf_cottage
D:6:      layout_basic, serial_curves, eino_curves_02, eino_curves_01,
          minmay_door_square
D:7:      layout_layer_cave, enter_ossuary_1, uniq_pikel
D:8:      layout_basic, nicolae_uskayaw_dance_studio, uniq_joseph, uniq_maggie,
          uniq_psyche
D:9:      layout_long_grid, due_lair_maze_entry_diamond, enter_bailey_8
D:10:     layout_loops_ring, uniq_urug
D:11:     layout_grid_maze
D:12:     layout_basic, erik_orc_1, moated_statue
D:13:     layout_irregular_city, minmay_statues_item, uniq_nessos
Temple:   dpeg_five_rooms_temple
Lair:1:   layout_regular_city, infiniplex_staircase_pool, uniq_erica
Lair:2:   layout_big_grid, guppyfry_snake_entry_garden
Lair:3:   layout_chaotic_city, grunt_megastairs_5
Lair:4:   layout_regular_city, elwin_shoals_entry_stream, basic_altar,
          lemuel_fruit_fields, infiniplex_staircase_pool_2, serial_bayou_shore_b

Skill      XL: |  1  2  3  4  5  6  7  8  9 10 11 12 |
---------------+-------------------------------------+-----
Stealth        | 1 2 5 6 9 10 13 | 13.7
Unarmed Combat | 4 5 6 8 10 | 10.0
Dodging        | 6 9 10 12 17 20 | 20.0
Fighting       | 5 6 8 9 |  9.8
Evocations     | 5 8 |  8.0

Action                   |  1- 3 |  4- 6 |  7- 9 | 10-12 || total
-------------------------+-------+-------+-------+-------++-------
Melee: Unarmed           |    90 |   115 |   350 |   526 ||  1081
       Bite              |     6 |    14 |    37 |    70 ||   127
       Punch             |       |       |    17 |    27 ||    44
       Headbutt          |       |       |       |   101 ||   101
Invok: Berserk           |     3 |     3 |     9 |    28 ||    43
       Trog's Hand       |     1 |     1 |     3 |     7 ||    12
  Use: Scroll            |       |     5 |     5 |    14 ||    24
       Potion            |       |       |     1 |     1 ||     2
 Stab: Sleeping          |     7 |     5 |    11 |    18 ||    41
       Distracted        |       |       |     1 |     1 ||     2
Armor: Skin              |     3 |     2 |    17 |    15 ||    37
Dodge: Dodged            |    56 |    74 |   303 |   580 ||  1013
